 Dungeon Crawl Stone Soup version 0.30.0-29-ga12c61a403 (webtiles) character file.

Game seed: 10011122296686576847

420 Hubris850 the Insei (level 6, 0/43 HPs)
             Began as a Merfolk Transmuter on June 6, 2023.
             Slain by a dart slug (1 damage)
             ... on level 4 of the Dungeon.
             The game lasted 00:08:04 (3368 turns).

Hubris850 the Insei (Merfolk Transmuter)            Turns: 3368, Time: 00:08:05

Health: 0/43       AC:  2    Str: 10    XL:     6   Next: 94%
Magic:  9/11       EV: 21    Int: 15    God:
Gold:   190        SH:  0    Dex: 25    Spells: 3/11 levels left

rFire   . .          .
                       - Unarmed
rCold   . . .        (shield currently unavailable)
rNeg    . . .        k - melded +0 robe {rN+}
rPois   x            (helmet currently unavailable)
rElec   .            (cloak currently unavailable)
rCorr   .            o - melded +1 pair of gloves
SInv    +            (boots currently unavailable)
Will    .....        (no amulet)
Stlth   ++           f - +6 ring of dexterity
HPRegen 0.27/turn    z - ring of see invisible
MPRegen 0.12/turn

%: no passive effects
@: spider-form (expiring)
A: venomous fangs, tiny, (nimble swimmer 2), (mertail)
a: End Transformation


You were on level 4 of the Dungeon.
You were a venomous arachnid creature.
You visited 1 branch of the dungeon, and saw 4 of its levels.

You collected 190 gold pieces.

Inventory:

Missiles
 i - 11 poisoned darts
Armour
 a - a +0 robe
 k - a +0 robe of positive energy (melded)
 o - a +1 pair of gloves (melded)
 w - a +0 tower shield
Magical Staves
 d - a staff of cold
Jewellery
 f - a +6 ring of dexterity (left front pincers)
 z - a ring of see invisible (right front pincers)
Wands
 v - a wand of flame (8)
Scrolls
 e - a scroll of enchant weapon
 g - a scroll of poison {unknown}
 h - 2 scrolls of magic mapping
 n - 2 scrolls of amnesia {unknown}
 p - a scroll of brand weapon {unknown}
 q - a scroll of vulnerability {unknown}
 r - a scroll of teleportation {unknown}
 t - 2 scrolls of noise {unknown}
 x - a scroll of fear
 y - a scroll of fog {unknown}
Potions
 b - 3 potions of lignification
 c - a potion of resistance
 j - 4 potions of attraction {unknown}
 l - a potion of haste {unknown}
 m - a potion of heal wounds {unknown}
 s - a potion of mutation {unknown}
 u - a potion of magic {unknown}


   Skills:
 - Level 1.1 Fighting
 - Level 3.0 Dodging
 - Level 5.0 Unarmed Combat
 + Level 3.4 Spellcasting
 + Level 5.0 Transmutations
 + Level 3.1 Ice Magic
 - Level 2.0 Poison Magic


You had 3 spell levels left.
You knew the following spells:

 Your Spells              Type           Power      Damage    Failure   Level
a - Beastly Appendage     Tmut           34%        N/A       9%          1
b - Spider Form           Tmut/Pois      13%        N/A       32%         3
c - Ice Form              Ice/Tmut       14%        N/A       56%         4

Your spell library contained the following spells:

 Spells                   Type           Power      Damage    Failure   Level
 Wereblood                Tmut           17%        N/A       12%         2
 Kiss of Death            Conj/Necr      8%         2d6       38%         1
 Call Canine Familiar     Summ           2%         N/A       71%         3
 Confusing Touch          Hex            2%         N/A       71%         3
 Portal Projectile        Hex/Tloc       4%         N/A       71%         3
 Stone Arrow              Conj/Erth      4%         3d7       71%         3
 Animate Armour           Summ/Erth      4%         N/A       96%         4
 Dispel Undead            Necr           2%         3d7       96%         4
 Leda's Liquefaction      Hex/Erth       1%         N/A       96%         4
 Lehudib's Crystal Spear  Conj/Erth      1%         10d2      100%        8


Dungeon Overview and Level Annotations

Branches:
Dungeon (4/15)
 Temple: D:4-7

Altars:

Annotations:
D:4 Blork the orc


Innate Abilities, Weirdness & Mutations

You are a venomous arachnid creature.
You have venomous fangs.
You are tiny and dextrous.
Your spellcasting is less reliable in this form.
Your armour is entirely melded.
You are incapable of wielding weapons or throwing items.
((You are very nimble when in or above water. (Stealth+, EV+, Speed+++)))
((Your lower body shifts to a powerful aquatic tail in water.))


Message History

You hit Blork the orc.
Blork the orc is lightly wounded.
The dart slug launches a dart at you. The slug dart hits you.
Blork the orc screams, "I'll rip your head off!"
Blork the orc misses you.
You hit Blork the orc but do no damage.
Blork the orc is poisoned.
Blork the orc is lightly wounded.
The dart slug completely misses you.
You hit Blork the orc.
Blork the orc is lightly wounded.
Blork the orc misses you.
You hit Blork the orc but do no damage.
Blork the orc is lightly wounded.
Your transformation is almost over.
Blork the orc hits you with a +0 dire flail!
The dart slug misses you.
You bite Blork the orc!
Blork the orc is heavily wounded.
Blork the orc gestures at you while chanting.
The magic dart hits you.
You hit Blork the orc.
Blork the orc looks as sick as possible!
Blork the orc is severely wounded.
Blork the orc hits you with a +0 dire flail!
* * * LOW HITPOINT WARNING * * *
The dart slug closely misses you.
You hit Blork the orc.
Blork the orc looks as sick as possible!
Blork the orc is almost dead.
Blork the orc drinks a potion.
Blork the orc is healed!
Blork the orc looks more healthy.
The dart slug completely misses you.
You hit Blork the orc.
Blork the orc is poisoned.
Blork the orc is severely wounded.
Blork the orc hits you with a +0 dire flail.
* * * LOW HITPOINT WARNING * * *
You hit Blork the orc.
Blork the orc is almost dead.
The dart slug bites you.
You die...

#..##..##....##
#..##..#######
#.......#
#.......#
#.......#
#'#########
#..###....#
#....#w..#
#....so..#
##########


You could see Blork the orc (very poisoned) and a dart slug.

Vanquished Creatures
  An ice beast (D:4)
  An ogre (D:4)
  An orc priest (D:4)
  Jessica (D:3)
  An iguana (D:4)
  An orc wizard (D:4)
  3 adders
  3 worms
  11 orcs
  7 endoplasms
  3 giant cockroaches
  7 goblins
  11 hobgoblins
  2 jackals (D:3)
  13 kobolds
  4 quokkas
  7 ball pythons
  7 bats
  3 frilled lizards
  6 rats
93 creatures vanquished.

Notes
Turn   | Place    | Note
-------+----------+-------------------------------------------
     0 | D:1      | Hubris850 the Merfolk Transmuter began the quest for the
                  | Orb.
     0 | D:1      | Reached XP level 1. HP: 15/15 MP: 3/3
   208 | D:1      | Reached XP level 2. HP: 18/21 MP: 5/5
   494 | D:1      | Reached XP level 3. HP: 24/26 MP: 6/6
  1047 | D:2      | Found a faded altar of an unknown god.
  1521 | D:2      | Reached skill level 5 in Unarmed Combat
  1629 | D:2      | Learned a level 3 spell: Spider Form
  1827 | D:2      | Reached XP level 4. HP: 32/32 MP: 5/7
  2125 | D:3      | Noticed Jessica
  2135 | D:3      | Killed Jessica
  2136 | D:3      | Reached skill level 1 in Ice Magic
  2136 | D:3      | Reached skill level 1 in Poison Magic
  2524 | D:3      | Reached XP level 5. HP: 37/37 MP: 5/8
  2658 | D:3      | Learned a level 4 spell: Ice Form
  2727 | D:4      | Noticed an ogre
  2732 | D:4      | Noticed an ice beast
  2735 | D:4      | Killed an ogre
  2746 | D:4      | Killed an ice beast
  2747 | D:4      | Reached XP level 6. HP: 10/43 MP: 6/10
  3120 | D:4      | Reached skill level 5 in Transmutations
  3357 | D:4      | Noticed Blork the orc
  3367 | D:4      | HP: 1/43 [Blork the orc/+0 dire flail (5)]
  3368 | D:4      | Slain by a dart slug

Illustrated notes

Levels and vault maps discovered:
D:1:      dpeg_arrival_renting, layout_basic, serial_forest,
          infiniplex_forest_corner_1, infiniplex_forest_straight_4,
          infiniplex_forest_clump_curved, infiniplex_forest_end_double,
          infiniplex_forest_lined_ring, infiniplex_forest_end_3,
          infiniplex_forest_end_3, infiniplex_forest_lined_3
D:2:      layout_rooms, ebering_ecumenical_altar_rust, minmay_pentomino_w4
D:3:      layout_rooms, uniq_jessica
D:4:      layout_gridville, hangedman_decor_diamond_cutter, uniq_blork_the_orc

Skill      XL: |  1  2  3  4  5  6 |
---------------+-------------------+-----
Dodging        | 3 |  3.0
Unarmed Combat | 4 5 |  5.0
Transmutations | 3 4 5 |  5.0
Ice Magic      | 1 2 3 |  3.1
Poison Magic   | 1 2 |  2.0
Spellcasting   | 3 |  3.4
Fighting       | |  1.1

Action                     |  1- 3 |  4- 6 || total
---------------------------+-------+-------++-------
  Melee: Unarmed           |   141 |   161 ||   302
         Punch             |     6 |     4 ||    10
         Headbutt          |     9 |    14 ||    23
   Cast: Beastly Appendage |    16 |    15 ||    31
         Spider Form       |       |     5 ||     5
    Use: Scroll            |       |     5 ||     5
   Stab: Sleeping          |     1 |     2 ||     3
 Armour: Robe              |    20 |    23 ||    43
  Dodge: Dodged            |    80 |   107 ||   187
